 Dungeon Crawl Stone Soup version 0.24-a0-639-gb70a11d811 (webtiles) character file.

Game seed: 13076532222346065007, levelgen mode: deterministic

5 Kairok the Sneak (level 1, -1/11 HPs)
             Began as a Vine Stalker Assassin on Sept 23, 2019.
             Killed from afar by a dart slug (3 damage)
             ... with a slug dart
             ... on level 1 of the Dungeon.
             The game lasted 00:02:02 (78 turns).

Kairok the Sneak (Vine Stalker Assassin)              Turns: 78, Time: 00:02:02

Health: -1/11      AC:  3    Str: 13    XL:     1   Next: 80%
Magic:  0/2        EV: 11    Int: 11    God:
Gold:   0          SH:  0    Dex: 15    Spells: 0/0 levels left

rFire    . . .     SeeInvis .   a - +2 dagger
rCold    . . .     Gourm    .   (no shield)
rNeg     . . .     Faith    .   b - +0 robe
rPois    .         Spirit   +   (no helmet)
rElec    .         Reflect  .   c - +0 cloak
rCorr    .         Harm     .   (no gloves)
MR       .....                  (no boots)
Stlth    +++.......             (no amulet)
HPRegen  0.03/turn              (no ring)
MPRegen  0.08/turn              (no ring)

@: no status effects
A: fangs 2, magic shield, antimagic bite, no potion heal 3, rot immunity
a: no special abilities


You were on level 1 of the Dungeon.
You were not hungry.

You visited 1 branch of the dungeon, and saw 1 of its levels.

Inventory:

Hand Weapons
 a - a +2 dagger (weapon)
Missiles
 d - 6 poisoned darts (quivered)
 e - 2 curare-tipped darts
Armour
 b - a +0 robe (worn)
 c - a +0 cloak (worn)
Scrolls
 g - a scroll of amnesia {unknown}
Comestibles
 f - a ration


   Skills:
 + Level 1.8 Fighting
 + Level 1.7 Short Blades
 + Level 1.7 Throwing
 + Level 0.7 Dodging
 + Level 5.2 Stealth


You couldn't memorise any spells.
You didn't know any spells.
Your spell library was empty.

Dungeon Overview and Level Annotations

Branches:
Dungeon (1/15)

Altars:


Innate Abilities, Weirdness & Mutations

You have extremely sharp teeth.
When hurt, damage is shared between your health and your magic reserves.
Your bite disrupts and absorbs the magic of your enemies.
Potions cannot restore your health.
You are immune to rotting.


Message History

The kobold is moderately wounded.
The kobold shouts!
You kill the kobold!
You see here a bat corpse.
Throwing (i - inventory. (/) - cycle)
d - 7 poisoned darts (quivered)
Press: ? - help, Shift-Dir - straight line, f - kobold
Aim: a kobold You throw a poisoned dart.
The poisoned dart hits the kobold.
You are too injured to fight recklessly!
You are too injured to fight recklessly!
You are too injured to fight recklessly!
You are too injured to fight recklessly!
The kobold hits you.
* * * LOW HITPOINT WARNING * * *
A dart slug comes into view.
You barely miss the kobold. The kobold closely misses you.
You hit the kobold but do no damage. The dart slug launches a dart at you.
The slug dart hits you.
You die...

.. ... ############
....######## #...........
...#......####...........
......K@..)......>......
###.(....#######........
#####....†.# #........
..w........# #........
######.)#### ##.......
#(.# #....... #.(#
#....... #..# #.......
#....# ##......


You could see a dart slug and a kobold.

Vanquished Creatures
  A ball python (D:1)
  A bat (D:1)
  A goblin (D:1)
  A kobold (D:1)
  A rat (D:1)
5 creatures vanquished.

Notes
Turn   | Place    | Note
-------+----------+-------------------------------------------
     0 | D:1      | Kairok the Vine Stalker Assassin began the quest for the
                  | Orb.
     0 | D:1      | Reached XP level 1. HP: 11/11 MP: 2/2
    50 | D:1      | Reached skill level 5 in Stealth
    78 | D:1      | Killed from afar by a dart slug

Levels and vault maps discovered:
D:1:      lemuel_arrival_funnel, layout_basic

Skill      XL: |  1 |
---------------+----+-----
Stealth        | 5 |  5.2
Fighting       | |  1.8
Short Blades   | |  1.7
Throwing       | |  1.7
Dodging        | |  0.7

Action                   || total
-------------------------++-------
Melee: Dagger            ||    15
       Bite              ||     3
Throw: Dart              ||     2
Armor: Robe              ||     3
Dodge: Dodged            ||     7

Table legend:
 A = Non-vault XP
 B = Vault XP
 C = Vault XP percentage of total XP
 D = Non-vault monster count
 E = Vault monster count
 F = Vault count percentage of total count
                 A         B        C        D         E       F
            +---------+---------+-------+---------+---------+-------
      Total |       8 |       0 |   0.0 |       5 |       0 |   0.0
            +---------+---------+-------+---------+---------+-------
        D:1 |       8 |       0 |   0.0 |       5 |       0 |   0.0
            +---------+---------+-------+---------+---------+-------
